 Dungeon Crawl Stone Soup version 0.29.0-11-gd7f09526c8 (webtiles) character file.

Game seed: 4943336308148228681

2064 Zeldest the Cleaver (level 9, 0/67 HPs)
             Began as a Meteoran Warper on Sept 3, 2022.
             Was a Believer of Wu Jian.
             Slain by a wight
             ... wielding a +0 dire flail
              (7 damage)
             ... on level 8 of the Dungeon.
             The game lasted 00:13:57 (2391 turns).

Zeldest the Cleaver (Meteoran Warper)               Turns: 2391, Time: 00:13:57

Health: 0/67       AC: 13    Str: 18    XL:     9   Next: 79%
Magic:  14/14      EV:  6    Int: 14    God:    Wu Jian [**....]
Gold:   268        SH:  0    Dex: 14    Spells: 11/13 levels left

rFire   . . .      SeeInvis .   f - +1 war axe (distort)
rCold   . . .      Faith    .   (no shield)
rNeg    + . .      Spirit   .   y - +0 plate armour
rPois   .          Reflect  .   (no helmet)
rElec   .          Harm     .   (no cloak)
rCorr   .          Rampage  .   (no gloves)
Will    +....                   n - +2 pair of boots
Stlth   ..........              o - amulet of regeneration
HPRegen 1.01/turn               h - ring of positive energy
MPRegen 0.14/turn               (no ring)

@: lethally poisoned (0 -> -1), hasted, glowing, very quick
A: sense surroundings 2, otherworldly, glowing, explore regen
a: Renounce Religion, Wall Jump


You were on level 8 of the Dungeon.
You worshipped Wu Jian.
Wu Jian was pleased with you.
You visited 2 branches of the dungeon, and saw 9 of its levels.
You also visited: Sewer.

You collected 268 gold pieces.

Inventory:

Hand Weapons
 f - a +1 war axe of distortion (weapon)
Missiles
 c - 7 boomerangs of dispersal (quivered)
 p - a throwing net
Armour
 n - a +2 pair of boots (worn)
 y - a +0 plate armour (worn)
Jewellery
 h - a ring of positive energy (left hand)
 o - an amulet of regeneration (around neck)
 x - an amulet of reflection
Wands
 l - a wand of charming (10)
 B - a wand of flame (15)
Scrolls
 e - a scroll of enchant weapon {unknown}
 j - 5 scrolls of identify {unknown}
 k - 6 scrolls of fog {unknown}
 q - 2 scrolls of vulnerability
 u - 2 scrolls of fear {unknown}
 v - a scroll of immolation {unknown}
 z - a scroll of noise
 A - a scroll of poison {unknown}
Potions
 a - a potion of might {unknown}
 d - 2 potions of haste
 i - a potion of degeneration {unknown}
 m - a potion of ambrosia {unknown}
 r - a potion of lignification {unknown}
 s - 4 potions of heal wounds {unknown}
 t - a potion of mutation {unknown}
 w - 2 potions of attraction {unknown}


   Skills:
 - Level 2.1 Fighting
 * Level 11.2 Axes
 - Level 1.2 Throwing
 - Level 1.2 Armour
 - Level 2.4 Dodging
 - Level 3.3 Unarmed Combat
 - Level 2.6 Spellcasting
 + Level 9.1 Translocations


You had 11 spell levels left.
You knew the following spells:

 Your Spells              Type           Power      Damage    Failure   Level
a - Blink                 Tloc           54%        N/A       36%         2

Your spell library contained the following spells:

 Spells                   Type           Power      Damage    Failure   Level
 Gell's Gravitas          Tloc           27%        N/A       61%         3
 Lesser Beckoning         Tloc           27%        N/A       61%         3
 Teleport Other           Tloc           27%        N/A       61%         3
 Sublimation of Blood     Necr           1%         N/A       100%        2
 Petrify                  Tmut/Erth      1%         N/A       100%        4
 Irradiate                Conj/Tmut      0%         3d11      100%        5
 Manifold Assault         Tloc           27%        N/A       100%        5
 Dispersal                Tloc           13%        N/A       100%        6


Dungeon Overview and Level Annotations

Branches:
Dungeon (8/15) Zot: 2637   Temple (1/1) D:5 Zot: 553   Sewer (visited)
   Lair: D:8-11

Altars:
Cheibriados
Dithmenos
Elyvilon
Fedhas
Kikubaaqudgha
Okawaru
Qazlal
Ru
Sif Muna
Uskayaw
Wu Jian
Xom
Yredelemnul
Zin

Annotations:
D:3 Sigmund
D:6 2 runed translucent doors, apoch's ghost, novice MiFi


Innate Abilities, Weirdness & Mutations

You passively map the area around you.
You are easily found by Zot.
You glow in the dark.
You regain HP and MP as you explore.


Message History

Okay, then.
Okay, then.
You closely miss the killer bee.
The killer bee is lightly wounded.
You hit the killer bee.
The killer bee is devoured by a tear in reality.
You miss the killer bee.
You feel very sick. The killer bee stings you.
* * * LOW HITPOINT WARNING * * *
The killer bee stings you.
* * * LOW HITPOINT WARNING * * *
The killer bee stings you but does no damage. x2
You feel better.
The killer bee stings you but does no damage.
The killer bee barely misses you.
Okay, then.
The killer bee attacks as you move away!
The killer bee stings you but does no damage.
The killer bee attacks as you move away!
The killer bee stings you.
* * * LOW HITPOINT WARNING * * *
You are poisoned.
The killer bee poisons you!
You feel sick. The killer bee stings you.
* * * LOW HITPOINT WARNING * * *
The killer bee stings you but does no damage.
Blink to where?
Press: ? - help, Dir - move target
As you read the scroll of blinking, it crumbles to dust.
You feel sick.
You feel sick.
The electric eel shoots out a bolt of lightning at you!
The bolt of electricity hits you.
* * * LOW HITPOINT WARNING * * *
You climb downwards.
You feel sick.
The centaur wields a +0 shortbow.
The centaur shoots an arrow.
The arrow hits you.
* * * LOW HITPOINT WARNING * * *
A wight comes into view. It is wielding a +0 dagger.
The wight hits you with a +0 dire flail!
You die...

#. #....z * , *
.#z... , * *
.c.. * *#.## * ,
, ########..###
,, ,
............# *
*,,
####.)......#
..#.....z..#
........@...## *
#.##.........###
* #
#...(..)[...#
#...........#.#
, * ,
##..#####...#...
, ##. ##[......#
#* ...###...# ,
, ,< ..... #..#
, , ** * *
......> ..#


You could see a centaur and 2 wights.

Vanquished Creatures
  A shadow (D:6)
  A steam dragon (D:7)
  2 orc warriors (D:6)
  2 ice beasts
  A centaur (D:7)
  3 bullfrogs
  A necrophage (D:4)
  4 scorpions
  A jelly (D:4)
  2 hounds
  2 orc priests
  An iguana (D:7)
  5 orc wizards
  A gnoll (D:7)
  3 river rats (Sewer)
  8 adders
  2 ufetubi
  4 dart slugs
  14 orcs
  17 ball pythons
  10 endoplasms
  8 giant cockroaches
  5 goblins
  5 hobgoblins
  3 quokkas
  2 bats
  3 frilled lizards
  3 kobolds
  26 rats
140 creatures vanquished.

Vanquished Creatures (collateral kills)
  An ice beast (D:7)
  An orc priest (D:7)
  A white imp (D:7)
3 creatures vanquished.

Vanquished Creatures (others)
  A hornet (D:7)
  A white imp (D:7)
  2 orcs
  19 plants
23 creatures vanquished.

Grand Total: 166 creatures vanquished

Notes
Turn   | Place    | Note
-------+----------+-------------------------------------------
     0 | D:1      | Zeldest the Meteoran Warper began the quest for the Orb.
     0 | D:1      | Reached XP level 1. HP: 17/17 MP: 5/5
    49 | D:1      | Reached XP level 2. HP: 17/24 MP: 6/6
    71 | D:1      | Found a faded altar of an unknown god.
   140 | D:1      | Reached XP level 3. HP: 28/29 MP: 8/8
   316 | D:2      | Reached skill level 1 in Axes
   395 | D:2      | Reached XP level 4. HP: 27/36 MP: 9/9
   530 | D:3      | Reached skill level 2 in Axes
   553 | D:3      | Found a sacrificial altar of Ru.
   617 | D:3      | Reached XP level 5. HP: 31/41 MP: 10/10
   648 | D:3      | Noticed an ice beast
   658 | D:3      | Killed an ice beast
   659 | D:3      | Reached skill level 4 in Axes
   659 | D:3      | Reached skill level 5 in Translocations
   659 | D:3      | Reached XP level 6. HP: 31/48 MP: 11/11
   682 | D:3      | Noticed Sigmund
   770 | D:4      | Found an iron altar of Okawaru.
   770 | D:4      | Found a shadowy altar of Dithmenos.
   871 | D:4      | Reached skill level 5 in Axes
   903 | D:5      | Entered Level 5 of the Dungeon
   963 | D:5      | Learned a level 2 spell: Blink
   979 | D:5      | Reached XP level 7. HP: 33/55 MP: 12/12
  1005 | D:5      | Found a staircase to the Ecumenical Temple.
  1018 | Temple   | Entered the Ecumenical Temple
  1037 | Temple   | Became a worshipper of the Wu Jian Council
  1084 | D:5      | Reached skill level 6 in Axes
  1209 | D:4      | Found a glowing drain.
  1222 | Sewer    | Entered a sewer
  1299 | Sewer    | Reached * piety under Wu Jian
  1422 | Sewer    | Reached XP level 8. HP: 58/61 MP: 13/13
  1423 | Sewer    | Reached skill level 7 in Axes
  1550 | D:4      | Reached ** piety under Wu Jian
  1593 | D:4      | Reached skill level 8 in Axes
  1707 | D:6      | Noticed a shadow
  1718 | D:6      | Killed a shadow
  1719 | D:6      | Reached skill level 9 in Axes
  1719 | D:6      | Gained mutation: You passively map the area around you.
                  | [Meteoran growth]
  1719 | D:6      | Reached XP level 9. HP: 55/67 MP: 14/14
  1805 | D:6      | Found a white marble altar of Elyvilon.
  1896 | D:6      | Found a shimmering blue altar of Sif Muna.
  1944 | D:6      | Found a large runed translucent door.
  1944 | D:6      | Found a large runed translucent door.
  1945 | D:6      | Noticed apoch's ghost (novice MiFi)
  2067 | D:7      | Reached skill level 10 in Axes
  2129 | D:7      | Found a shimmering altar of Xom.
  2184 | D:7      | Noticed a hornet
  2200 | D:7      | Paralysed by a hornet for 3 turns
  2306 | D:7      | Reached skill level 11 in Axes
  2391 | D:8      | Slain by a wight

Illustrated notes

Levels and vault maps discovered:
D:1:      nzn_arrival_depleted_hourglass, layout_basic, serial_forest,
          infiniplex_forest_clump_curved, infiniplex_forest_straight_5,
          infiniplex_forest_straight_3, infiniplex_forest_lined_2,
          infiniplex_forest_lined_room_3, infiniplex_forest_pool,
          infiniplex_forest_lined_corner,
          shapermc_ecumenical_altar_starsandcircs
D:2:      layout_basic
D:3:      layout_basic, lemuel_crystal_altar, kennysheep_generic_room_15,
          uniq_sigmund
D:4:      layout_gridville, mainiacjoe_overflow_divided_tiny,
          portal_sewer_entry_a
D:5:      layout_loops_ring, minmay_temple_entry_stoned_glass, uniq_menkaure
D:6:      layout_rooms, kennysheep_mini_moat, nicolae_elyvilon_temple_path,
          ebering_ghost_disaster_area
D:7:      layout_cave_pools, lemuel_crystal_altar, serial_bayou,
          serial_bayou_lake_a, serial_bayou_pond_e, serial_bayou_pond_c,
          serial_bayou_pond_d, serial_bayou_pond_b, serial_bayou_pond_c,
          st_stairs_11
D:8:      layout_rooms, dpeg_oklobed_lair
Temple:   chequers_temple_sunken

Skill      XL: |  1  2  3  4  5  6  7  8  9 |
---------------+----------------------------+-----
Translocations | 4 5 6 7 9 |  9.1
Unarmed Combat | 3 |  3.3
Axes           | 1 2 4 5 6 9 11 | 11.2
Fighting       | |  2.1
Throwing       | |  1.2
Armour         | |  1.2
Dodging        | |  2.4
Spellcasting   | |  2.6

Action                   |  1- 3 |  4- 6 |  7- 9 || total
-------------------------+-------+-------+-------++-------
Melee: Unarmed           |    48 |       |       ||    48
       Punch             |     1 |     1 |     7 ||     9
       War axe           |    14 |    67 |   226 ||   307
Invok: Lunge             |       |       |    27 ||    27
       Whirlwind         |       |       |    50 ||    50
Evoke: Wand              |       |       |     1 ||     1
  Use: Scroll            |       |     2 |     5 ||     7
       Potion            |       |       |     2 ||     2
Armor: Leather armour    |    35 |    28 |       ||    63
       Ring mail         |       |     2 |    75 ||    77
       Plate armour      |       |       |    76 ||    76
Dodge: Dodged            |    41 |    48 |   115 ||   204
